 Dungeon Crawl Stone Soup version 0.27-a0-1502-g47ed6a6988 (webtiles) character file.

Game seed: 14151811051975469057

198 Sin92 the Skirmisher (level 5, 0/42 HPs)
             Began as a Demonspawn Fighter on July 8, 2021.
             Slain by Sigmund (5 damage)
             ... on level 3 of the Dungeon.
             The game lasted 00:03:57 (2640 turns).

Sin92 the Skirmisher (Demonspawn Fighter)           Turns: 2640, Time: 00:03:58

Health: 0/42       AC: 12    Str: 17    XL:     5   Next: 47%
Magic:  5/5        EV:  5    Int: 11    God:
Gold:   87         SH:  9    Dex: 13    Spells: 4/4 levels left

rFire    . . .     SeeInvis .   a - +0 war axe
rCold    . . .     Faith    .   c - +0 kite shield
rNeg     . . .     Spirit   .   d - +0 chain mail
rPois    .         Reflect  .   (no helmet)
rElec    .         Harm     .   (no cloak)
rCorr    .         Rampage  .   n - +2 pair of gloves
Will     .....                  (no boots)
Stlth    ..........             (no amulet)
HPRegen  0.14/turn              (no ring)
MPRegen  0.09/turn              (no ring)

@: no status effects
A: hooves 1, foul stench 1, big brain 1
a: no special abilities


You were on level 3 of the Dungeon.
You visited 1 branch of the dungeon, and saw 3 of its levels.

You collected 87 gold pieces.

Inventory:

Hand Weapons
 a - a +0 war axe (weapon)
Missiles
 g - a throwing net (quivered)
Armour
 b - a +0 scale mail
 c - a +0 kite shield (worn)
 d - a +0 chain mail (worn)
 n - a +2 pair of gloves (worn)
Scrolls
 f - 3 scrolls of teleportation {unknown}
 h - 2 scrolls of identify {unknown}
 i - 4 scrolls of vulnerability {unknown}
 k - a scroll of brand weapon {unknown}
 l - a scroll of fog {unknown}
Potions
 e - a potion of heal wounds
 j - a potion of degeneration {unknown}
 m - a potion of invisibility {unknown}


   Skills:
 + Level 3.8 Fighting
 * Level 3.4 Axes
 + Level 3.2 Armour
 + Level 1.5 Dodging
 + Level 3.3 Shields


You had 4 spell levels left.
You didn't know any spells.
Your spell library was empty.

Dungeon Overview and Level Annotations

Branches:
Dungeon (3/15)

Altars:

Annotations:
D:3 Sigmund


Innate Abilities, Weirdness & Mutations

You have large cloven feet.
You may rarely emit foul miasma when damaged in melee.
You have an unusually large brain. (Int +2)


Message History

The ball python grabs you. The ball python constricts you.
Unknown command.
There are monsters nearby!
You closely miss the ball python.
The ball python bites you but does no damage.
The ball python constricts you. You block the ball python's attack.
The ball python constricts you.
Sigmund casts a spell.
Sigmund flickers and vanishes!
Deactivating autopickup; reactivate with Ctrl-A.
A ball python is nearby!
You barely miss the ball python. Your kick misses the ball python.
You block the ball python's attack. The ball python constricts you.
The ball python bites you. The ball python constricts you.
Unknown command.
A ball python is nearby!
You slash the ball python!
You kill the ball python!
You hear some strange, mumbled words.
A puff of flame appears from out of thin air!
The puff of flame hits you but does no damage.
Something hits you! Something burns you.
No target in view!
Unknown command.
There is a strange disturbance nearby!
No target in view!
Unknown command.
There is a strange disturbance nearby!
No target in view!
Unknown command.
There is a strange disturbance nearby!
You closely miss something. You kick something. Something hits you.
Something burns you. Something hits you!
* * * LOW HITPOINT WARNING * * *
Something burns you!
* * * LOW HITPOINT WARNING * * *
You closely miss something. Something completely misses you.
Unknown command.
You closely miss something. You kick something. Something hits you.
You die...

# # ....# # ...# # ...#
# ..# ### ..# #.. #.#
#.#### #{# #.... #@#
#..# #.#####.# #..#
........###### )..#
#.######.....# #.##
#.....#
#.###############.....#
#...............).....#
.........########.....#
...............##.....#


There were no monsters in sight!

Vanquished Creatures
  Jessica (D:3)
  5 gnolls
  8 adders
  A worm (D:2)
  A dart slug (D:1)
  6 endoplasms
  5 goblins
  2 hobgoblins
  6 jackals
  2 kobolds
  5 ball pythons
  4 bats
  3 frilled lizards (D:1)
  10 rats
59 creatures vanquished.

Notes
Turn   | Place    | Note
-------+----------+-------------------------------------------
     0 | D:1      | Sin92 the Demonspawn Fighter began the quest for the Orb.
     0 | D:1      | Reached XP level 1. HP: 18/18 MP: 1/1
   148 | D:1      | Gained mutation: You have large cloven feet. [demonic
                  | ancestry]
   148 | D:1      | Reached XP level 2. HP: 12/24 MP: 2/2
   545 | D:1      | Gained mutation: You may rarely emit foul miasma when
                  | damaged in melee. [demonic ancestry]
   545 | D:1      | Reached XP level 3. HP: 27/29 MP: 3/3
   975 | D:1      | Found a faded altar of an unknown god.
  1090 | D:2      | Reached skill level 1 in Dodging
  1090 | D:2      | Reached XP level 4. HP: 23/35 MP: 4/4
  1767 | D:2      | Gained mutation: You have an unusually large brain. (Int
                  | +2) [demonic ancestry]
  1767 | D:2      | Reached XP level 5. HP: 33/42 MP: 5/5
  2565 | D:3      | Noticed Jessica
  2567 | D:3      | Killed Jessica
  2631 | D:3      | Noticed Sigmund
  2640 | D:3      | Slain by Sigmund

Illustrated notes

Levels and vault maps discovered:
D:1:      zelgadis_glass_arrival_small, layout_basic,
          shapermc_ecumenical_altar_mp_vishouse
D:2:      layout_loops_ring
D:3:      layout_basic, uniq_sigmund, uniq_jessica

Skill      XL: |  1  2  3  4 |
---------------+-------------+-----
Axes           | 2 3 |  3.4
Shields        | 3 |  3.3
Armour         | 3 |  3.2
Dodging        | 1 |  1.5
Fighting       | |  3.8

Action                   |  1- 3 |  4- 6 || total
-------------------------+-------+-------++-------
Melee: War axe           |    66 |    91 ||   157
       Kick              |     9 |    25 ||    34
  Use: Potion            |     2 |       ||     2
       Scroll            |     1 |       ||     1
Armor: Scale mail        |    25 |     6 ||    31
       Chain mail        |       |    50 ||    50
Dodge: Dodged            |    22 |    26 ||    48
Block: Kite shield       |    43 |    44 ||    87

Table legend: (Time is in decaauts)
 A = Elapsed time spent in this place.
 B = Non-inter-level travel time spent in this place.
 C = Inter-level travel time spent in this place.
 D = Time resting spent in this place.
 E = Time spent auto-exploring this place.
 F = Levels seen in this place.
 G = Mean time per level.
                   A        B        C        D        E       F      G
               +--------+--------+--------+--------+--------+-----+--------+
         Total |   2733 |   2673 |     60 |      0 |   2115 |   3 |  911.0 |
       Dungeon |   2733 |   2673 |     60 |      0 |   2115 |   3 |  911.0 |
               +--------+--------+--------+--------+--------+-----+--------+

Top non-repeatable levels by time:
     D:2: 1231 daAuts
     D:1: 1070 daAuts
     D:3: 431 daAuts
